[Event "FIDE WYCC Girls U18 2023"]
[Site "Montesilvano"]
[Date "2023.11.20"]
[Round "7.35"]
[White "Monteiro, Helen Ramazzotte"]
[Black "Lunar Villaman, Sofia"]
[Result "1/2-1/2"]
[ECO "A16"]
[WhiteElo "1447"]
[BlackElo "1305"]
[Annotator "NA COMBH"]
[PlyCount "125"]
[EventDate "2023.11.13"]
[EventType "swiss"]
[EventCountry "ITA"]
[SourceTitle "playchess.com"]
[Source "ChessBase"]
[SourceQuality "1"]
[TimeControl "40/5400+30:1800+30"]

1. c4 Nf6 2. Nc3 g6 3. g3 Bg7 4. Bg2 O-O 5. Nf3 d6 6. O-O a6 7. d3 c5 8. Rb1 Nc6 9. a3 Ne8 10. Bd2 Nc7 11. Na4 b5 12. Nb6 Rb8 13. Nxc8 Qxc8 14. Qc2 Qd7 15. b4 cxb4 16. cxb5 Nxb5 17. Qa4 Nxa3 18. Rxb4 Rxb4 19. Bxb4 Nb5 20. Bd2 Nb8 21. e3 Nd4 22. Qa2 Nxf3+ 23. Bxf3 Qf5 24. Be4 Qd7 25. Rb1 Rc8 26. Bb7 Rc7 27. Bxa6 Nxa6 28. Qxa6 Ra7 29. Rb8+ Bf8 30. e4 h5 31. Qc8 Qxc8 32. Rxc8 Kg7 33. Bc3+ f6 34. Kg2 Kf7 35. Bd2 Ra3 36. Rc3 Ra7 37. Be3 Rb7 38. h3 Bg7 39. Ra3 Bf8 40. h4 Bg7 41. Kh3 Rb1 42. Ra7 Rh1+ 43. Kg2 Rd1 44. d4 Rb1 45. Bf4 Kf8 46. Kf3 Rb3+ 47. Be3 Bh6 48. Ra5 Kf7 49. Ke2 Bxe3 50. fxe3 Rb2+ 51. Kf3 Rb1 52. e5 fxe5 53. dxe5 Rf1+ 54. Ke4 Rf5 55. Kd4 Ke6 56. e4 Rxe5 57. Rxe5+ dxe5+ 58. Kc5 Kf6 59. Kd5 e6+ 60. Kd6 Kf7 61. Kd7 Kf6 62. Ke8 g5 63. Kd7 1/2-1/2

[Event "FIDE WYCC Girls U18 2023"]
[Site "Montesilvano"]
[Date "2023.11.21"]
[Round "8.1"]
[White "Hrebenshchykova, Yelyzaveta"]
[Black "Luong, Hoang Tu Linh"]
[Result "0-1"]
[ECO "E01"]
[WhiteElo "2292"]
[BlackElo "1887"]
[Annotator "RC"]
[PlyCount "108"]
[EventDate "2023.11.13"]
[EventType "swiss"]
[EventCountry "ITA"]
[SourceTitle "playchess.com"]
[Source "ChessBase"]
[SourceQuality "1"]
[TimeControl "40/5400+30:1800+30"]

1. d4 Nf6 2. c4 e6 3. g3 d5 4. Bg2 Bb4+ 5. Nd2 O-O 6. Ngf3 c6 7. O-O Nbd7 8. Qc2 Re8 9. Rd1 Qe7 10. e4 Bxd2 11. Nxd2 dxe4 12. Nxe4 h6 13. Bd2 Nxe4 14. Qxe4 Nf6 15. Qe5 Ng4 16. Qe2 Nf6 17. Bc3 Qc7 18. Qf3 e5 19. h3 e4 20. Qe3 Bf5 21. d5 cxd5 22. Bxf6 gxf6 23. Rxd5 Bg6 24. b3 Kg7 25. Rad1 Re6 26. h4 h5 27. a4 Rae8 28. R1d4 a6 29. a5 Qe7 30. Bh3 Re5 31. Rxe5 Qxe5 32. Rd5 Qa1+ 33. Kh2 Re5 34. Rd7 Rxa5 35. Rxb7 Qd1 36. Rd7 Qb1 37. Bg2 Ra1 38. g4 hxg4 39. Rd8 Qc1 40. Qxc1 Rxc1 41. Rd5 Rc3 42. h5 Bh7 43. Rd6 Rxb3 44. Rxa6 Rc3 45. Rc6 f5 46. h6+ Kf8 47. Rc8+ Ke7 48. Rh8 Bg6 49. h7 Kf6 50. Bf1 Kg7 51. Rc8 Bxh7 52. c5 f4 53. c6 Bf5 54. Rc7 Rc2 0-1

[Event "FIDE WYCC Girls U18 2023"]
[Site "Montesilvano"]
[Date "2023.11.21"]
[Round "8.2"]
[White "Kurmangaliyeva, Liya"]
[Black "Trifoi, Mihaela-Ioana"]
[Result "1-0"]
[ECO "D30"]
[WhiteElo "2236"]
[BlackElo "2021"]
[Annotator "RC"]
[PlyCount "87"]
[EventDate "2023.11.13"]
[EventType "swiss"]
[EventCountry "ITA"]
[SourceTitle "playchess.com"]
[Source "ChessBase"]
[SourceQuality "1"]
[TimeControl "40/5400+30:1800+30"]

1. d4 d5 2. c4 e6 3. Nf3 Nf6 4. g3 Bb4+ 5. Nbd2 O-O 6. Bg2 dxc4 7. O-O c3 8. Nb3 a5 9. a3 cxb2 10. Bxb2 Be7 11. Qc2 b6 12. Rac1 Ra7 13. Rfd1 h6 14. Ne5 Qe8 15. e4 Nfd7 16. Ng4 Nf6 17. Ne3 a4 18. Nd2 c6 19. Ndc4 b5 20. Ne5 Bb7 21. Nd3 Na6 22. f4 b4 23. Qxa4 Qa8 24. Qb3 bxa3 25. Bxa3 Bxa3 26. Qxa3 Nc7 27. Qb2 Ra2 28. Qb6 Nb5 29. Nc5 Ba6 30. Nxa6 Rxa6 31. Qc5 Nd7 32. Qe7 Ra7 33. f5 Re8 34. Qh4 Ra3 35. Nc4 Rc3 36. Ra1 Qb8 37. fxe6 Rxe6 38. Bf1 Qe8 39. e5 Nf8 40. Nb6 c5 41. Ra8 Qc6 42. d5 Qxb6 43. dxe6 Nd4 44. exf7+ 1-0

[Event "FIDE WYCC Girls U18 2023"]
[Site "Montesilvano"]
[Date "2023.11.21"]
[Round "8.3"]
[White "Nguyen, Thien Ngan"]
[Black "Zhurova, Anna"]
[Result "0-1"]
[ECO "C00"]
[WhiteElo "1891"]
[BlackElo "2149"]
[Annotator "NA RC"]
[PlyCount "112"]
[EventDate "2023.11.13"]
[EventType "swiss"]
[EventCountry "ITA"]
[SourceTitle "playchess.com"]
[Source "ChessBase"]
[SourceQuality "1"]
[TimeControl "40/5400+30:1800+30"]

1. e4 e6 2. d4 d5 3. Bd3 dxe4 4. Bxe4 Nf6 5. Bf3 c5 6. Ne2 Be7 7. Be3 O-O 8. O-O cxd4 9. Nxd4 e5 10. Nb5 Qa5 11. c4 e4 12. Be2 Nc6 13. Nd2 Bf5 14. Nb3 Qd8 15. N3d4 Nxd4 16. Nxd4 Bg6 17. f4 exf3 18. Bxf3 Bc5 19. a3 Re8 20. Bf2 Ne4 21. Bxe4 Rxe4 22. Nb3 Bxf2+ 23. Rxf2 Rxc4 24. Qxd8+ Rxd8 25. Na5 Rc7 26. Re1 f6 27. h3 Rd3 28. Rf4 Bf7 29. Ree4 b6 30. Nc4 g5 31. Rxf6 Bxc4 32. Rf5 Rd5 33. Re8+ Kg7 34. Rxd5 Bxd5 35. Re5 Bf7 36. Rxg5+ Kf6 37. Rg3 Rc1+ 38. Kh2 Rb1 39. Rf3+ Ke7 40. Rf2 Bg6 41. Kg3 Kd6 42. h4 Ke5 43. Kg4 Kd4 44. Kg5 a5 45. g4 Ke3 46. Rh2 a4 47. Kh6 Rc1 48. b3 Kf4 49. bxa4 Kxg4 50. Rb2 Rb1 51. Rd2 Kxh4 52. a5 bxa5 53. Rd5 Rb6 54. Rd4+ Kg3 55. Rd8 Be4+ 56. Kh5 Rg6 0-1

[Event "FIDE WYCC Girls U18 2023"]
[Site "Montesilvano"]
[Date "2023.11.21"]
[Round "8.4"]
[White "Mihelic, Vesna"]
[Black "Nguyen Hong Nhung"]
[Result "0-1"]
[ECO "B40"]
[WhiteElo "2102"]
[BlackElo "1975"]
[Annotator "NA RC"]
[PlyCount "50"]
[EventDate "2023.11.13"]
[EventType "swiss"]
[EventCountry "ITA"]
[SourceTitle "playchess.com"]
[Source "ChessBase"]
[SourceQuality "1"]
[TimeControl "40/5400+30:1800+30"]

1. e4 c5 2. Nf3 e6 3. c3 d5 4. exd5 Qxd5 5. Na3 a6 6. Bc4 Qc6 7. O-O Nf6 8. Re1 Bd6 9. d4 cxd4 10. Nxd4 Qc7 11. Bb5+ Bd7 12. Bxd7+ Nbxd7 13. Nxe6 Bxh2+ 14. Kh1 fxe6 15. Rxe6+ Kf7 16. Re1 Rhe8 17. Be3 Bd6 18. Qb3+ Kf8 19. Nc4 Bc5 20. Qd1 Bxe3 21. Nxe3 Kg8 22. Qf3 Ne5 23. Qg3 Qf7 24. Kg1 Ne4 25. Qh4 Ng6 0-1

[Event "FIDE WYCC Girls U18 2023"]
[Site "Montesilvano"]
[Date "2023.11.21"]
[Round "8.5"]
[White "Naymanova, Patricie"]
[Black "Petricenco, Ana"]
[Result "1-0"]
[ECO "D00"]
[WhiteElo "2083"]
[BlackElo "1902"]
[Annotator "NA RC"]
[PlyCount "79"]
[EventDate "2023.11.13"]
[EventType "swiss"]
[EventCountry "ITA"]
[SourceTitle "playchess.com"]
[Source "ChessBase"]
[SourceQuality "1"]
[TimeControl "40/5400+30:1800+30"]

1. d4 d5 2. Nc3 Nf6 3. Bf4 c5 4. e3 a6 5. dxc5 Nc6 6. a3 h6 7. Nf3 Bg4 8. Qd2 e6 9. b4 Bxf3 10. gxf3 Nh5 11. Bg3 Nxg3 12. fxg3 Be7 13. Be2 O-O 14. Na4 Qc7 15. O-O Rad8 16. Rab1 Ne5 17. Nb6 Nd7 18. Nxd7 Qxd7 19. Rfd1 Bf6 20. f4 d4 21. c3 d3 22. Bxd3 Qa4 23. Qb2 e5 24. e4 exf4 25. gxf4 Qc6 26. e5 Bh4 27. Qg2 Qe6 28. h3 b6 29. Qe4 g6 30. f5 Qxf5 31. Qxf5 gxf5 32. Bxf5 bxc5 33. bxc5 Bg3 34. e6 fxe6 35. Bxe6+ Kg7 36. Kg2 Be5 37. c6 Rde8 38. Bd7 Re7 39. Re1 Rff7 40. Re4 1-0

[Event "FIDE WYCC Girls U18 2023"]
[Site "Montesilvano"]
[Date "2023.11.21"]
[Round "8.6"]
[White "Skarbarchuk, Tetyana"]
[Black "Mungunzul, Bat-Erdene"]
[Result "1/2-1/2"]
[ECO "D15"]
[WhiteElo "2010"]
[BlackElo "2111"]
[Annotator "NA RC"]
[PlyCount "83"]
[EventDate "2023.11.13"]
[EventType "swiss"]
[EventCountry "ITA"]
[SourceTitle "playchess.com"]
[Source "ChessBase"]
[SourceQuality "1"]
[TimeControl "40/5400+30:1800+30"]

1. d4 d5 2. c4 c6 3. Nc3 Nf6 4. Nf3 a6 5. cxd5 cxd5 6. Ne5 Nc6 7. Bf4 e6 8. e3 Qb6 9. Nxc6 bxc6 10. a3 c5 11. dxc5 Qxc5 12. Rc1 Qa5 13. Bd3 Be7 14. Qa4+ Qxa4 15. Nxa4 Nd7 16. O-O e5 17. Bg3 Bd6 18. Bf5 Ke7 19. Bxd7 Bxd7 20. Nb6 Rab8 21. Nxd5+ Ke6 22. Nc7+ Ke7 23. b4 Rhc8 24. Nxa6 Ra8 25. Nc5 Bb5 26. Rfd1 Rxa3 27. Ne4 Rxc1 28. Rxc1 f6 29. Nxd6 Kxd6 30. h4 Rb3 31. Rc8 Rxb4 32. Rg8 Rg4 33. Kh2 Bc4 34. Rh8 h6 35. f3 Rg6 36. Rc8 Be6 37. Ra8 h5 38. Ra5 Bd5 39. e4 Bc6 40. Ra7 Bd7 41. Ra6+ Bc6 42. Ra7 1/2-1/2

[Event "FIDE WYCC Girls U18 2023"]
[Site "Montesilvano"]
[Date "2023.11.21"]
[Round "8.7"]
[White "Margadgua Erdenebayar"]
[Black "Hakobyan, Astghik"]
[Result "1-0"]
[ECO "C07"]
[WhiteElo "2013"]
[BlackElo "2073"]
[Annotator "NA RC"]
[PlyCount "95"]
[EventDate "2023.11.13"]
[EventType "swiss"]
[EventCountry "ITA"]
[SourceTitle "playchess.com"]
[Source "ChessBase"]
[SourceQuality "1"]
[TimeControl "40/5400+30:1800+30"]

1. e4 e6 2. d4 d5 3. Nd2 c5 4. exd5 Qxd5 5. Ngf3 cxd4 6. Bc4 Qd6 7. O-O Nf6 8. Nb3 Nc6 9. Qe2 Be7 10. Rd1 e5 11. h3 a6 12. a4 Qc7 13. Re1 O-O 14. Bg5 Bb4 15. Red1 Nd7 16. c3 dxc3 17. bxc3 Be7 18. Be3 b6 19. Rab1 Bb7 20. Bd5 Rae8 21. Qd3 Ncb8 22. c4 Bf6 23. Nbd2 Bc6 24. Qb3 e4 25. Ne1 Nc5 26. Qxb6 Qxb6 27. Rxb6 Bxa4 28. Bxc5 Bxd1 29. Bxf8 Kxf8 30. Nxe4 Bd4 31. Rb7 Bh5 32. Nf3 Bf6 33. Nxf6 gxf6 34. g4 Bg6 35. Nh4 Kg7 36. Nxg6 hxg6 37. Rxf7+ Kh6 38. Rxf6 a5 39. Rb6 Nd7 40. Ra6 Re1+ 41. Kg2 Ra1 42. h4 Ne5 43. Be4 Kg7 44. h5 Ra4 45. Bxg6 Nxg4 46. Bd3 Ra3 47. Bf5 Ne5 48. h6+ 1-0

[Event "FIDE WYCC Girls U18 2023"]
[Site "Montesilvano"]
[Date "2023.11.21"]
[Round "8.8"]
[White "Voriskova, Anna"]
[Black "Oviedo Acosta, Paula"]
[Result "1-0"]
[ECO "B40"]
[WhiteElo "2065"]
[BlackElo "1639"]
[Annotator "NA RC"]
[PlyCount "53"]
[EventDate "2023.11.13"]
[EventType "swiss"]
[EventCountry "ITA"]
[SourceTitle "playchess.com"]
[Source "ChessBase"]
[SourceQuality "1"]
[TimeControl "40/5400+30:1800+30"]

1. e4 c5 2. Nf3 e6 3. c4 Nc6 4. d4 cxd4 5. Nxd4 g6 6. Nc3 a6 7. Nxc6 bxc6 8. Be3 Nf6 9. Be2 Qc7 10. O-O Bg7 11. f4 d6 12. Qd2 Bb7 13. Rad1 d5 14. cxd5 cxd5 15. exd5 Nxd5 16. Nxd5 Bxd5 17. Rc1 Qb7 18. Bc5 Qxb2 19. Qe3 Rd8 20. Rfd1 h5 21. Ba3 Qb7 22. Rb1 Qc6 23. Rdc1 Qa4 24. Rb4 Qd7 25. Rb6 Bb7 26. Rd6 Qa4 27. Rxe6+ 1-0

[Event "FIDE WYCC Girls U18 2023"]
[Site "Montesilvano"]
[Date "2023.11.21"]
[Round "8.9"]
[White "Gasimova, Samra"]
[Black "Liu, Kelsey"]
[Result "1/2-1/2"]
[ECO "E22"]
[WhiteElo "1860"]
[BlackElo "2051"]
[Annotator "NA RC"]
[PlyCount "120"]
[EventDate "2023.11.13"]
[EventType "swiss"]
[EventCountry "ITA"]
[SourceTitle "playchess.com"]
[Source "ChessBase"]
[SourceQuality "1"]
[TimeControl "40/5400+30:1800+30"]

1. d4 Nf6 2. c4 e6 3. Nc3 Bb4 4. Qb3 c5 5. dxc5 Na6 6. a3 Bxc3+ 7. Qxc3 Nxc5 8. b4 Nce4 9. Qb2 d5 10. c5 h6 11. f3 Ng5 12. Bf4 O-O 13. h4 Ngh7 14. Be5 Bd7 15. e3 b6 16. g4 Ne8 17. Bd3 f6 18. Bc3 bxc5 19. Qc2 f5 20. bxc5 Qc7 21. gxf5 exf5 22. Bd4 Nhf6 23. Ne2 Nh5 24. Rg1 Rc8 25. f4 Qd8 26. Kd2 Rf7 27. Ng3 Qxh4 28. Nxh5 Qxh5 29. Rh1 Qg6 30. Rag1 Qe6 31. Kd1 Kf8 32. Qg2 Nf6 33. Bc2 Ng4 34. Qd2 Qa6 35. Qb4 Nf2+ 36. Kd2 Bc6 37. Rh5 Ne4+ 38. Bxe4 dxe4 39. Qc3 Rd8 40. Ke1 Rdd7 41. Rh2 Qd3 42. Rd2 Qxc3 43. Bxc3 Rxd2 44. Kxd2 Rb7 45. Rg6 Be8 46. Rg1 g6 47. Bd4 Kf7 48. Kc3 Ba4 49. Kc4 Bb3+ 50. Kc3 Bd5 51. Kc2 h5 52. Bc3 Rb5 53. Bd4 Rb3 54. c6 Rxa3 55. c7 Be6 56. Rb1 Ra6 57. Kd2 Ke7 58. Rb8 Rc6 59. Rb7 Kd7 60. Rxa7 Rxc7 1/2-1/2

[Event "FIDE WYCC Girls U18 2023"]
[Site "Montesilvano"]
[Date "2023.11.21"]
[Round "8.10"]
[White "Shohradova, Lala"]
[Black "Obada, Ema"]
[Result "1-0"]
[ECO "D31"]
[WhiteElo "1846"]
[BlackElo "2023"]
[Annotator "NA RC"]
[PlyCount "119"]
[EventDate "2023.11.13"]
[EventType "swiss"]
[EventCountry "ITA"]
[SourceTitle "playchess.com"]
[Source "ChessBase"]
[SourceQuality "1"]
[TimeControl "40/5400+30:1800+30"]

1. d4 d5 2. c4 e6 3. Nc3 a6 4. cxd5 exd5 5. Nf3 Nf6 6. Bg5 Be6 7. e3 Nbd7 8. Bd3 Bd6 9. O-O O-O 10. Rc1 c6 11. Nd2 Re8 12. f3 c5 13. Kh1 b5 14. Ne2 Qb6 15. h3 cxd4 16. exd4 h6 17. Bh4 g5 18. Bf2 Nh5 19. Bb1 Ndf6 20. Nb3 Ra7 21. Nc5 Bb8 22. Nd3 Rae7 23. Ne5 Bd7 24. g4 Ng7 25. Ng3 Qb7 26. Qd3 b4 27. Rfe1 Bb5 28. Qd2 Bxe5 29. dxe5 Rxe5 30. Rxe5 Rxe5 31. Bd4 Re6 32. Qxb4 Qb8 33. Rg1 Qf4 34. a4 Qxf3+ 35. Kh2 Bd3 36. Bxf6 Rxf6 37. Qb8+ Kh7 38. Rf1 Qxf1 39. Nxf1 Bxb1 40. Kg1 Ne6 41. Qe5 Rf4 42. Qxd5 h5 43. Qd1 Bg6 44. gxh5 Bf5 45. Ne3 Bxh3 46. Qd3+ Kh6 47. Qxa6 Kxh5 48. Qe2+ g4 49. a5 Nd4 50. Qd3 Nf3+ 51. Kh1 Kh4 52. a6 Ra4 53. Qa3 Rxa3 54. bxa3 Kg3 55. a7 Kf2 56. Nxg4+ Bxg4 57. a8=Q Bh3 58. Qa7+ Kg3 59. Qc7+ Kf2 60. Qc2+ 1-0

[Event "FIDE WYCC Girls U18 2023"]
[Site "Montesilvano"]
[Date "2023.11.21"]
[Round "8.11"]
[White "Starosta, Martyna"]
[Black "Wan, Qian"]
[Result "1-0"]
[ECO "D31"]
[WhiteElo "2208"]
[BlackElo "1945"]
[Annotator "RC"]
[PlyCount "119"]
[EventDate "2023.11.13"]
[EventType "swiss"]
[EventCountry "ITA"]
[SourceTitle "playchess.com"]
[Source "ChessBase"]
[SourceQuality "1"]
[TimeControl "40/5400+30:1800+30"]

1. d4 d5 2. c4 e6 3. Nc3 Bb4 4. cxd5 exd5 5. Bf4 Nf6 6. e3 O-O 7. Bd3 c5 8. Nge2 Nc6 9. O-O h6 10. Rc1 c4 11. Bb1 Re8 12. Nb5 Re7 13. a3 Ba5 14. Bg3 a6 15. Nbc3 b5 16. f3 Rxe3 17. Bh4 Re8 18. Qc2 g6 19. Qd2 Kg7 20. g4 Be6 21. Kh1 Bc7 22. Rg1 g5 23. Bf2 Ng8 24. Ng3 Kf8 25. Be3 Ke7 26. Nf5+ Kd7 27. Nxh6 Nxh6 28. Bxg5 Qb8 29. Bxh6 Rh8 30. Rc2 Bxh2 31. Qxh2 Nxd4 32. Qh5 Nxc2 33. Bxc2 d4 34. Rd1 Qb6 35. Ne4 Rad8 36. Nc5+ Kc8 37. Nxe6 fxe6 38. Be4 d3 39. Kg2 b4 40. axb4 Qxb4 41. b3 d2 42. bxc4 Qxc4 43. Kg3 Rd4 44. Qg6 Rxe4 45. Qxe4 Qxe4 46. fxe4 Rxh6 47. Rxd2 Kc7 48. g5 Rh1 49. Kg4 Re1 50. g6 Rxe4+ 51. Kg5 Rb4 52. g7 Rb8 53. Kf6 a5 54. Kxe6 Ra8 55. Rg2 Re8+ 56. Kf7 Ra8 57. g8=Q Rxg8 58. Rxg8 Kc6 59. Rg5 a4 60. Ra5 1-0

[Event "FIDE WYCC Girls U18 2023"]
[Site "Montesilvano"]
[Date "2023.11.21"]
[Round "8.12"]
[White "Wisniowski, Natalie"]
[Black "Cornileau, Juliette"]
[Result "1/2-1/2"]
[ECO "E00"]
[WhiteElo "1901"]
[BlackElo "2089"]
[Annotator "RC"]
[PlyCount "240"]
[EventDate "2023.11.13"]
[EventType "swiss"]
[EventCountry "ITA"]
[SourceTitle "playchess.com"]
[Source "ChessBase"]
[SourceQuality "1"]
[TimeControl "40/5400+30:1800+30"]

1. d4 e6 2. c4 Bb4+ 3. Nc3 f5 4. Nf3 Nf6 5. g3 O-O 6. Bg2 c5 7. O-O d6 8. Qc2 Bxc3 9. Qxc3 cxd4 10. Nxd4 e5 11. Nf3 Ne4 12. Qc2 Nc6 13. a3 Be6 14. b3 Rc8 15. Bb2 b5 16. Nd2 bxc4 17. Nxe4 cxb3 18. Qd3 fxe4 19. Bxe4 d5 20. Qxb3 Rb8 21. Qc2 dxe4 22. Qxc6 Qf6 23. Bc1 Rb6 24. Qxe4 Bf5 25. Qd5+ Be6 26. Qg2 Kh8 27. Bd2 Rb2 28. Bb4 Re8 29. Qe4 Bf5 30. Qf3 Qg6 31. Qe3 h6 32. Rac1 a5 33. Bc5 Bg4 34. Rfe1 a4 35. Bb4 Qa6 36. f3 Bh3 37. Rc7 Rb3 38. Rc3 Rb2 39. Rd3 Qb7 40. Rd6 Rb3 41. Qb6 Qf7 42. Rd8 Rxd8 43. Qxd8+ Kh7 44. Qd6 Qe8 45. Qd5 Qb8 46. Bd6 Qa7+ 47. Qc5 Qxc5+ 48. Bxc5 Kg6 49. Kf2 Be6 50. Bb4 Rb2 51. Rc1 Ra2 52. Rc5 Kf6 53. Rc3 g5 54. Re3 Bb3 55. Bd6 Ke6 56. Bb4 Kf5 57. h3 Ra1 58. Rxe5+ Kxe5 59. Bc3+ Kf5 60. Bxa1 h5 61. Bc3 Be6 62. g4+ Kg6 63. gxh5+ Kxh5 64. Kg3 Kg6 65. h4 gxh4+ 66. Kxh4 Kf5 67. Kg3 Bd5 68. Kf2 Kf4 69. Bd2+ Ke5 70. Ke3 Bc6 71. Bc3+ Kf5 72. Ba5 Bb5 73. Bc7 Ba6 74. Kd2 Bb7 75. Kc3 Ke6 76. Kd4 Ba6 77. e4 Be2 78. f4 Bg4 79. Ke3 Kd7 80. Be5 Ke6 81. Bb8 Kf6 82. Kf2 Bh5 83. Bc7 Bg6 84. Ke3 Ke6 85. Kd4 Bh7 86. Ke3 Bg6 87. Bb6 Bh7 88. Ba5 Bg6 89. Bd2 Bh7 90. Kd4 Bg6 91. Bc1 Bh7 92. Bd2 Bg6 93. f5+ Bxf5 94. exf5+ Kxf5 95. Kd5 Kf6 96. Kd6 Kf7 97. Kd7 Kf6 98. Bc3+ Kf7 99. Bd4 Kf8 100. Bc5+ Kf7 101. Be7 Kg6 102. Ke6 Kg7 103. Bd6 Kg8 104. Kf6 Kh7 105. Kf7 Kh6 106. Be7 Kh7 107. Bf6 Kh6 108. Bd4 Kh7 109. Ke6 Kg8 110. Kd6 Kf7 111. Kd7 Kf8 112. Kc6 Ke7 113. Bb6 Ke8 114. Kb5 Kd7 115. Kxa4 Kc8 116. Kb5 Kb7 117. a4 Ka8 118. a5 Kb7 119. a6+ Ka8 120. Kc6 Kb8 1/2-1/2

[Event "FIDE WYCC Girls U18 2023"]
[Site "Montesilvano"]
[Date "2023.11.21"]
[Round "8.13"]
[White "Groeschel, Karoline"]
[Black "Sevcikova, Lucia"]
[Result "0-1"]
[ECO "C11"]
[WhiteElo "1924"]
[BlackElo "2047"]
[Annotator "NA RC"]
[PlyCount "86"]
[EventDate "2023.11.13"]
[EventType "swiss"]
[EventCountry "ITA"]
[SourceTitle "playchess.com"]
[Source "ChessBase"]
[SourceQuality "1"]
[TimeControl "40/5400+30:1800+30"]

1. e4 e6 2. d4 d5 3. Nc3 Nf6 4. e5 Nfd7 5. f4 c5 6. Nf3 Nc6 7. Be3 a6 8. a3 b5 9. Bd3 Qb6 10. O-O cxd4 11. Bf2 Nc5 12. Nxd4 Nxd3 13. Qxd3 Nxd4 14. Qxd4 Qxd4 15. Bxd4 Be7 16. Rf3 Bb7 17. Ne2 Rc8 18. c3 f5 19. exf6 gxf6 20. Re3 Kf7 21. Re1 Rce8 22. Ng3 Bd8 23. Nh5 Rhg8 24. h3 Bc6 25. Kf2 Rg6 26. g4 Rh6 27. Kg3 Bc7 28. Rf3 Rg8 29. g5 Rxg5+ 30. Kf2 Rgxh5 31. f5 Rxf5 32. Rxf5 exf5 33. Bc5 Be5 34. Re3 f4 35. Rd3 Rg6 36. Bd4 Rg3 37. Rxg3 fxg3+ 38. Kg2 Bxd4 39. cxd4 Kg6 40. Kxg3 Kf5 41. Kf3 Be8 42. b4 Bh5+ 43. Ke3 h6 0-1

[Event "FIDE WYCC Girls U18 2023"]
[Site "Montesilvano"]
[Date "2023.11.21"]
[Round "8.14"]
[White "Katter, Katharina"]
[Black "Matute Escobar, Roxanny"]
[Result "0-1"]
[ECO "E97"]
[WhiteElo "1887"]
[BlackElo "1995"]
[Annotator "NA RC"]
[PlyCount "74"]
[EventDate "2023.11.13"]
[EventType "swiss"]
[EventCountry "ITA"]
[SourceTitle "playchess.com"]
[Source "ChessBase"]
[SourceQuality "1"]
[TimeControl "40/5400+30:1800+30"]

1. d4 Nf6 2. c4 g6 3. Nc3 Bg7 4. e4 d6 5. Be2 O-O 6. Nf3 e5 7. O-O Nc6 8. d5 Ne7 9. b4 Ne8 10. a4 h6 11. a5 f5 12. Re1 Nf6 13. Nd2 f4 14. c5 Rf7 15. a6 b6 16. Nb5 Bf8 17. cxd6 cxd6 18. Qc2 Ne8 19. Bb2 Kh7 20. Rec1 Ng8 21. Ra3 Rg7 22. Qa4 g5 23. Rac3 g4 24. g3 f3 25. Bd3 Bd7 26. Qc2 Qg5 27. Nf1 Ngf6 28. Ne3 Kh8 29. Na3 h5 30. Kf1 h4 31. Ke1 hxg3 32. hxg3 Rh7 33. Kd2 Rh2 34. Rf1 Nh5 35. Ke1 Nxg3 36. Rg1 Nh1 37. Bc1 g3 0-1

[Event "FIDE WYCC Girls U18 2023"]
[Site "Montesilvano"]
[Date "2023.11.21"]
[Round "8.15"]
[White "Lindstad, Livia"]
[Black "Barwinska, Ewa"]
[Result "0-1"]
[ECO "B92"]
[WhiteElo "1848"]
[BlackElo "1974"]
[Annotator "RC"]
[PlyCount "188"]
[EventDate "2023.11.13"]
[EventType "swiss"]
[EventCountry "ITA"]
[SourceTitle "playchess.com"]
[Source "ChessBase"]
[SourceQuality "1"]
[TimeControl "40/5400+30:1800+30"]

1. e4 c5 2. Nf3 d6 3. d4 cxd4 4. Nxd4 Nf6 5. Nc3 a6 6. Be2 e5 7. Nf3 Be7 8. Nd2 Be6 9. Nc4 b5 10. Ne3 Nbd7 11. Bf3 Rc8 12. Qd2 Nb6 13. b3 Qc7 14. Bb2 O-O 15. O-O Rfd8 16. a4 b4 17. Ncd5 Bxd5 18. exd5 a5 19. Rad1 Nfd7 20. Be2 Bg5 21. Ba6 Rb8 22. Bb5 f5 23. Qe2 Rf8 24. Nc4 Nxc4 25. Bxc4 Rbc8 26. Qh5 Bh6 27. Bd3 e4 28. Ba6 Rcd8 29. Qe2 Nc5 30. Bc4 Bg5 31. Bd4 Bf6 32. Qd2 Bxd4 33. Qxd4 Rde8 34. Rfe1 f4 35. Bf1 Qc8 36. f3 exf3 37. gxf3 Qf5 38. Rxe8 Rxe8 39. Qf2 Re3 40. Re1 Qg5+ 41. Kh1 Nd7 42. Rxe3 fxe3 43. Qg3 e2 44. Bxe2 Qc1+ 45. Qg1 Qxc2 46. Qe3 Qb1+ 47. Kg2 Qg6+ 48. Kf2 Nc5 49. Bc4 Kf7 50. Qf4+ Qf6 51. Qg4 Qe5 52. Kg2 h5 53. Qc8 Qb2+ 54. Kh3 Qf6 55. Kg2 Kg6 56. Qe8+ Kh6 57. Qe2 g5 58. Qe3 Qb2+ 59. Kg3 Qf6 60. Qe2 Qf4+ 61. Kg2 g4 62. fxg4 hxg4 63. h3 gxh3+ 64. Kxh3 Ne4 65. Kg2 Kg5 66. Bd3 Nf6 67. Bc4 Qg4+ 68. Kf2 Qd4+ 69. Qe3+ Qf4+ 70. Ke2 Ne4 71. Qg1+ Kf5 72. Qe3 Nc3+ 73. Kd2 Ne4+ 74. Ke2 Nc3+ 75. Kd2 Qxe3+ 76. Kxe3 Ke5 77. Kd3 Nxd5 78. Bb5 Nc3 79. Be8 d5 80. Bh5 Ne4 81. Be8 Nc5+ 82. Kc2 d4 83. Bg6 Kf4 84. Bf7 Ke3 85. Bc4 d3+ 86. Kd1 Ne4 87. Bxd3 Kxd3 88. Kc1 Kc3 89. Kb1 Kxb3 90. Ka1 Kxa4 91. Kb2 b3 92. Kb1 Ka3 93. Ka1 b2+ 94. Kb1 Nc3+ 0-1

[Event "FIDE WYCC Girls U18 2023"]
[Site "Montesilvano"]
[Date "2023.11.21"]
[Round "8.16"]
[White "Blanquet, Camille"]
[Black "Bhagyashree Patil"]
[Result "1-0"]
[ECO "D37"]
[WhiteElo "1953"]
[BlackElo "1830"]
[Annotator "NA RC"]
[PlyCount "57"]
[EventDate "2023.11.13"]
[EventType "swiss"]
[EventCountry "ITA"]
[SourceTitle "playchess.com"]
[Source "ChessBase"]
[SourceQuality "1"]
[TimeControl "40/5400+30:1800+30"]

1. d4 d5 2. c4 e6 3. Nc3 Nf6 4. Nf3 Be7 5. Bf4 O-O 6. e3 b6 7. cxd5 exd5 8. Ne5 Bb7 9. Bd3 Nbd7 10. Qf3 Bd6 11. Qh3 Bc8 12. Nxd5 g6 13. Nxf6+ Nxf6 14. Qf3 Be6 15. O-O Nd5 16. Bg3 c5 17. e4 Nb4 18. d5 Bxe5 19. Bxe5 Nxd3 20. Qxd3 Bd7 21. Bc3 Qe7 22. Rfe1 Rfe8 23. b3 Rac8 24. Bb2 f6 25. Re3 c4 26. bxc4 Qb4 27. Qd4 Re5 28. Rc1 b5 29. f4 1-0

[Event "FIDE WYCC Girls U18 2023"]
[Site "Montesilvano"]
[Date "2023.11.21"]
[Round "8.17"]
[White "Follana Albelda, Lucia"]
[Black "Tikvesli, Ceylin"]
[Result "0-1"]
[ECO "C50"]
[WhiteElo "1946"]
[BlackElo "1736"]
[Annotator "NA RC"]
[PlyCount "84"]
[EventDate "2023.11.13"]
[EventType "swiss"]
[EventCountry "ITA"]
[SourceTitle "playchess.com"]
[Source "ChessBase"]
[SourceQuality "1"]
[TimeControl "40/5400+30:1800+30"]

1. e4 e5 2. Nf3 Nc6 3. Bc4 g6 4. d4 exd4 5. Nxd4 Bg7 6. Nxc6 bxc6 7. Nc3 d6 8. O-O Ne7 9. Be3 O-O 10. Bd4 Be6 11. Bxg7 Kxg7 12. Qd4+ Kg8 13. Bxe6 fxe6 14. e5 Nf5 15. Qc4 Qe8 16. Rae1 d5 17. Qc5 Rb8 18. Na4 a6 19. Qa5 c5 20. Nxc5 Rxb2 21. Qxa6 Rb6 22. Qd3 Qe7 23. Nb3 c5 24. c4 d4 25. Ra1 Qc7 26. Rfe1 Ra8 27. g4 Nh4 28. Qg3 Qe7 29. f4 Ra3 30. Rf1 Kh8 31. Qf2 Rb4 32. Rac1 Rba4 33. Rc2 Ra8 34. Rd2 R8a4 35. Rc1 Kg7 36. Rcc2 Rxb3 37. axb3 Ra1+ 38. Qf1 Nf3+ 39. Kg2 Rxf1 40. Kxf1 Nxd2+ 41. Rxd2 Qb7 42. Rd3 Qh1+ 0-1

[Event "FIDE WYCC Girls U18 2023"]
[Site "Montesilvano"]
[Date "2023.11.21"]
[Round "8.18"]
[White "Abrisqueta Zudaire, Leyre"]
[Black "Sosovickova, Jana"]
[Result "1-0"]
[ECO "D30"]
[WhiteElo "2137"]
[BlackElo "2013"]
[Annotator "NA RC"]
[PlyCount "51"]
[EventDate "2023.11.13"]
[EventType "swiss"]
[EventCountry "ITA"]
[SourceTitle "playchess.com"]
[Source "ChessBase"]
[SourceQuality "1"]
[TimeControl "40/5400+30:1800+30"]

1. d4 d5 2. c4 e6 3. Nf3 Nf6 4. g3 Bb4+ 5. Nbd2 dxc4 6. Bg2 Nc6 7. O-O c3 8. Nc4 cxb2 9. Bxb2 O-O 10. Qc2 Rb8 11. a3 Be7 12. Rfd1 Qe8 13. e4 b5 14. Ne3 Bb7 15. d5 Na5 16. Qxc7 Qd8 17. Qf4 Nh5 18. Qg4 Nf6 19. Bxf6 Bxf6 20. e5 exd5 21. exf6 Qxf6 22. Qg5 Qb2 23. Nd4 h6 24. Qg4 Bc8 25. Qf4 Rb6 26. Nxd5 1-0